 Dungeon Crawl Stone Soup version 0.31-a0-1074-g0b22e4e0f1 (webtiles) character file.

Game seed: 3442098546569272331

4426 Jeffwins the Digger (level 10, -7/81 HPs)
             Began as a Troll Earth Elementalist on Nov 29, 2023.
             Was an Elder of Vehumet.
             Mangled by a warg (13 damage)
             ... on level 10 of the Dungeon on Nov 30, 2023.
             The game lasted 00:15:22 (9401 turns).

Jeffwins the Digger (Troll Earth Elementalist)      Turns: 9401, Time: 00:15:23

Health: -7/81      AC:  4    Str: 18    XL:     10   Next: 14%
Magic:  5/13       EV:  9    Int: 15    God:    Vehumet [****..]
Gold:   1137       SH:  0    Dex: 10    Spells: 6/15 levels left

rFire   . .          .
                       - Unarmed
rCold   + . .        (no shield)
rNeg    + . .        a - +0 robe
rPois   .            (helmet restricted)
rElec   .            v - scarf {repulsion}
rCorr   .            (gloves unavailable)
SInv    .            (boots unavailable)
Will    .....        g - amulet of regeneration
Stlth   +            C - ring of protection from cold
HPRegen 1.93/turn    N - ring of positive energy
MPRegen 0.13/turn

%: repel missiles
@: no status effects
A: large, unfitting armour, claws 3, regeneration 1, shaggy fur 1, tough skin 1
a: Renounce Religion


You were on level 10 of the Dungeon.
You worshipped Vehumet.
Vehumet was greatly pleased with you.
You visited 2 branches of the dungeon, and saw 11 of its levels.
You also visited: Sewer and Ossuary.

You collected 1137 gold pieces.


Innate Abilities, Weirdness & Mutations

You are too large for most types of armour.
You have claws for hands.
Your natural rate of healing is unusually fast.
You are covered in fur. (AC +1)
You have tough skin. (AC +1)


   Skills:
 - Level 1.5 Dodging
 - Level 1.0 Stealth
 * Level 6.7 Unarmed Combat
 + Level 3.3 Spellcasting
 * Level 5.0 Conjurations
 - Level 0.6 Transmutations
 - Level 4.0 Fire Magic
 * Level 6.9 Earth Magic
 + Level 2.8 Evocations
 + Level 2.0 Shapeshifting


You had 6 spell levels left.
You knew the following spells:

 Your Spells              Type           Power      Damage    Failure   Level
x - Stone Arrow           Conj/Erth      40%        3d9       1%          3
z - Foxfire               Conj/Fire      64%        2x1d7     1%          1
X - Brom's Barrelling Bo  Conj/Erth      20%        2d4       4%          4
Y - Sandblast             Erth           46%        2d11      1%          1

Your spell library contained the following spells:

 Spells                   Type           Power      Damage    Failure   Level
 Dazzling Flash           Conj/Hex       20%        N/A       5%          3
 Shock                    Conj/Air       40%        1d5       1%          1
 Freeze                   Ice            8%         1d3       5%          1
 Hailstorm                Conj/Ice       10%        3d5       5%          3
 Passwall                 Tmut/Erth      10%        N/A       6%          2
 Frozen Ramparts          Ice            4%         1d1       16%         3
 Iskenderun's Mystic Bla  Conj/Tloc      10%        2d4       17%         4
 Fireball                 Conj/Fire      8%         3d6       21%         5
 Ensorcelled Hibernation  Hex/Ice        4%         N/A       30%         2
 Jinxbite                 Hex            4%         N/A       30%         2
 Petrify                  Tmut/Erth      13%        N/A       38%         4
 Airstrike                Air            1%         2d(1-17)  43%         4
 Gell's Gravitas          Tloc           2%         N/A       52%         3
 Swiftness                Air            2%         N/A       52%         3
 Teleport Other           Tloc           2%         N/A       52%         3
 Tukima's Dance           Hex            2%         N/A       52%         3
 Anguish                  Hex/Necr       1%         N/A       89%         4
 Animate Dead             Necr           2%         N/A       89%         4
 Dimensional Bullseye     Hex/Tloc       1%         N/A       89%         4
 Dispersal                Tloc           1%         N/A       100%        6
 Haunt                    Necr/Summ      1%         N/A       100%        7
 Infestation              Necr           1%         N/A       100%        8

Inventory:

Missiles
 d - 9 poisoned darts
Armour
 a - a +0 robe (worn)
 k - a +1 cloak
 v - a scarf of repulsion (worn)
Jewellery
 c - a ring of ice
 g - an amulet of regeneration (around neck)
 C - a ring of protection from cold (left claw)
 N - a ring of positive energy (right claw)
 R - a ring of resist corrosion
Talismans
 E - a maw talisman
Wands
 h - a wand of mindburst (4)
 l - a wand of iceblast (1)
 q - a wand of paralysis (20)
 w - a wand of flame (8)
Scrolls
 f - 8 scrolls of teleportation {@r4}
 i - 2 scrolls of blinking {unknown}
 m - 2 scrolls of amnesia
 r - a scroll of fear
 s - 2 scrolls of enchant weapon
 u - 2 scrolls of vulnerability {!r}
 y - 3 scrolls of fog {unknown}
 F - a scroll of poison {!r}
Potions
 b - 2 potions of magic
 e - a potion of mutation {unknown}
 j - 4 potions of haste {unknown}
 n - a potion of invisibility {unknown}
 o - 2 potions of resistance {unknown}
 p - 4 potions of heal wounds {unknown}
 t - 2 potions of degeneration {unknown}
 x - 10 potions of curing {unknown}
 z - 2 potions of attraction {unknown}
 A - 2 potions of cancellation {unknown}
 B - a potion of lignification {!q}
 D - 4 potions of brilliance {unknown}
 G - a potion of enlightenment {unknown}

Dungeon Overview and Level Annotations

Branches:
Dungeon (10/15)            Temple (1/1) D:4             Orc (0/2) D:10
  Sewer (visited)         Ossuary (visited)
   Lair: D:8-11

Altars:
Ashenzari
Cheibriados
Dithmenos
Elyvilon
Fedhas
Gozag
Hepliaklqana
Kikubaaqudgha
Makhleb
Nemelex Xobeh
Okawaru
Qazlal
Ru
Sif Muna
Trog
Uskayaw
Vehumet
Wu Jian
Xom
Yredelemnul
Zin
The Shining One

Annotations:
D:9 3 runed translucent doors, lunkers's ghost, novice MeSh

#.........[.......
#.................
#......♣♣♣♣♣♣♣..Y.
#......♣♣♣♣♣♣♣..Y.
#####.......♣♣..Y.
##........♣♣....
#.<.≈≈≈≈..♣♣..##
####.#....≈..♣♣..
#.@h.#..⚑.≈..♣♣.
#.####....≈.... #.
#......... ..
..!......# ...
..........# #...
.>......#.# #...
.......?.#.# #...


You could see a warg.


Message History

You scratch the warg.
The warg is almost dead.
The warg bites you!
* * * LOW HITPOINT WARNING * * *
Unknown command.
You closely miss the warg.
The warg is almost dead.
The warg bites you.
* * * LOW HITPOINT WARNING * * *
The warg bites you but does no damage.
Unknown command.
You claw the warg!
You kill the warg!
Vehumet accepts your kill.
You feel your power returning.
Your Conjurations skill increases to level 5!
Your Shapeshifting skill increases to level 2!
Unknown command.
You miss the warg.
The warg is almost dead.
The warg bites you!
* * * LOW HITPOINT WARNING * * *
You barely miss the warg.
The warg is almost dead.
The warg bites you!
* * * LOW HITPOINT WARNING * * *
You scratch the warg.
The warg is almost dead.
The warg bites you!
You die...

Skill      XL: |  1  2  3  4  5  6  7  8  9 10 |
---------------+-------------------------------+-----
Unarmed Combat | 1 2 3 4 5 6 |  6.7
Earth Magic    | 3 4 5 6 |  6.9
Conjurations   | 1 2 3 4 5 |  5.0
Spellcasting   | 2 3 |  3.3
Fire Magic     | 1 3 4 |  4.0
Evocations     | 1 2 |  2.8
Shapeshifting  | 1 2 |  2.0
Dodging        | |  1.5
Stealth        | |  1.0
Transmutations | |  0.6

Action                     |  1- 3 |  4- 6 |  7- 9 | 10-12 || total
---------------------------+-------+-------+-------+-------++-------
  Melee: Unarmed           |    64 |   176 |   284 |    65 ||   589
         Punch             |       |     4 |     4 |     1 ||     9
   Cast: Sandblast         |     1 |     2 |     1 |       ||     4
         Foxfire           |       |    20 |   114 |     1 ||   135
         Stone Arrow       |       |     2 |    47 |    14 ||    63
         Brom's Barrelling |       |       |     3 |       ||     3
  Evoke: Wand              |       |       |     3 |       ||     3
    Use: Potion            |       |     1 |       |       ||     1
         Scroll            |       |       |     8 |       ||     8
   Stab: Sleeping          |     3 |       |     1 |       ||     4
 Armour: Robe              |    50 |   149 |   315 |    74 ||   588
         Skin              |       |    51 |       |       ||    51
  Dodge: Dodged            |    36 |    68 |   141 |    37 ||   282
         Repelled          |       |       |       |     1 ||     1

Levels and vault maps discovered:
D:1:      reono_arrival_mine, layout_loops_ring
D:2:      layout_basic, basic_altar
D:3:      layout_basic, ebering_ghost_disaster_area, grunt_ministairs_15,
          amethyst_killhole, roderic_lattice_a, minmay_misc_feat_rows,
          minmay_cupped
D:4:      layout_layer_cave, minmay_temple_entry_proselytizer,
          portal_sewer_entry_b, eino_small_chamber_without_monster
D:5:      wander_river, layout_basic, enter_ossuary_3
D:6:      layout_rooms
D:7:      layout_cave_pools, uniq_jeremiah, uniq_menkaure
D:8:      layout_rooms
D:9:      layout_roguey, worldfamousw_hep_ancestral_shrine,
          gammafunk_ghost_nasty_kobolds
D:10:     layout_roguey, mainiacjoe_overflow_chevrons, lair_entry_dummy,
          minmay_orc_entry_guard_dogs, minmay_guarded_unrand_finisher,
          uniq_harold, uniq_joseph
Temple:   nicolae_temple_bog_church

Notes
Turn   | Place    | Note
-------+----------+-------------------------------------------
     0 | D:1      | Jeffwins the Troll Earth Elementalist began the quest for
                  | the Orb.
     0 | D:1      | Reached XP level 1. HP: 16/16 MP: 1/1
   176 | D:1      | Reached XP level 2. HP: 24/24 MP: 2/2
   470 | D:1      | Identified a +0 crystal plate armour
   708 | D:2      | Reached skill level 1 in Unarmed Combat
   712 | D:2      | Reached skill level 3 in Earth Magic
   754 | D:2      | Reached XP level 3. HP: 31/31 MP: 4/4
   758 | D:2      | Learned a level 3 spell: Stone Arrow
   814 | D:2      | HP: 3/31 [acid (9)]
   816 | D:2      | Reached skill level 1 in Conjurations
   816 | D:2      | Reached XP level 4. HP: 5/39 MP: 3/5
   988 | D:2      | You fall into a shaft and drop 2 floors!
  1068 | D:4      | Reached skill level 2 in Unarmed Combat
  1090 | D:4      | Reached XP level 5. HP: 29/45 MP: 6/6
  1119 | D:4      | Found a staircase to the Ecumenical Temple.
  1129 | D:4      | Reached skill level 2 in Conjurations
  1129 | D:4      | Reached skill level 4 in Earth Magic
  1136 | Temple   | Entered the Ecumenical Temple
  1147 | Temple   | Became a worshipper of Vehumet
  1265 | D:4      | Reached skill level 3 in Unarmed Combat
  1265 | D:4      | Reached XP level 6. HP: 42/53 MP: 7/7
  1310 | D:4      | Found a glowing drain.
  1329 | Sewer    | Entered a sewer
  1335 | Sewer    | Learned a level 4 spell: Brom's Barrelling Boulder
  1394 | Sewer    | Noticed a water moccasin
  1398 | Sewer    | Killed a water moccasin
  1399 | Sewer    | Reached skill level 2 in Spellcasting
  1664 | D:3      | Reached * piety under Vehumet
  1664 | D:3      | Offered knowledge of Foxfire by Vehumet.
  1681 | D:2      | Learned a level 1 spell: Foxfire
  1874 | D:2      | Found a shimmering altar of Xom.
  3081 | D:3      | Found a large runed translucent door.
  3081 | D:3      | Found a large runed translucent door.
  3091 | D:3      | Noticed Cadnt's ghost (weakling TeAE)
  3209 | D:3      | Killed Cadnt's ghost
  3210 | D:3      | Reached XP level 7. HP: 59/59 MP: 9/9
  3627 | D:4      | Reached skill level 1 in Fire Magic
  4187 | D:5      | Entered Level 5 of the Dungeon
  4191 | D:5      | Reached skill level 4 in Unarmed Combat
  4273 | D:5      | Found a sand-covered staircase.
  4282 | Ossuary  | Entered an ossuary
  4314 | Ossuary  | Reached ** piety under Vehumet
  4323 | Ossuary  | Reached skill level 3 in Conjurations
  4326 | Ossuary  | Offered knowledge of Kiss of Death by Vehumet.
  4365 | Ossuary  | Reached skill level 1 in Evocations
  4411 | Ossuary  | Reached skill level 5 in Earth Magic
  4447 | Ossuary  | Reached XP level 8. HP: 61/67 MP: 10/10
  4476 | Ossuary  | Offered knowledge of Mephitic Cloud by Vehumet.
  4477 | Ossuary  | Reached skill level 2 in Fire Magic
  4498 | Ossuary  | Identified the +0 scale mail of Okawaru's Supremacy {-Cast
                  | rF+ Will+}
  4522 | D:5      | Identified a scroll of acquirement
  4543 | D:5      | Acquired 693 gold pieces
  4878 | D:5      | Reached *** piety under Vehumet
  4992 | D:5      | Reached skill level 5 in Unarmed Combat
  5818 | D:7      | Reached skill level 4 in Conjurations
  5818 | D:7      | Reached skill level 3 in Fire Magic
  5873 | D:7      | Reached skill level 2 in Evocations
  5873 | D:7      | Reached XP level 9. HP: 74/74 MP: 3/12
  5985 | D:7      | Offered knowledge of Volatile Blastmotes by Vehumet.
  6284 | D:7      | Reached skill level 6 in Earth Magic
  6495 | D:7      | Noticed Jeremiah
  6537 | D:7      | Killed Jeremiah
  6639 | D:7      | Noticed Menkaure
  6642 | D:7      | Killed Menkaure
  6643 | D:7      | Reached skill level 6 in Unarmed Combat
  6643 | D:7      | Reached skill level 3 in Spellcasting
  7034 | D:8      | Reached skill level 1 in Shapeshifting
  7654 | D:8      | Got the Dissertation on Oromancy and Conflict
  7900 | D:9      | Reached **** piety under Vehumet
  7901 | D:9      | Reached skill level 4 in Fire Magic
  8404 | D:9      | Found a runed translucent gate.
  8405 | D:9      | Found a runed translucent gate.
  8406 | D:9      | Found a runed translucent gate.
  8406 | D:9      | Noticed a kobold demonologist
  8406 | D:9      | Noticed a kobold demonologist
  8408 | D:9      | Noticed lunkers's ghost (novice MeSh)
  8432 | D:9      | Reached XP level 10. HP: 81/81 MP: 13/13
  8438 | D:9      | Offered knowledge of Dazzling Flash by Vehumet.
  8560 | D:9      | Found a hazy altar of Hepliaklqana.
  9066 | D:10     | Entered Level 10 of the Dungeon
  9372 | D:10     | Found a glowing golden altar of the Shining One.
  9377 | D:10     | Found a staircase to the Orcish Mines.
  9399 | D:10     | Reached skill level 5 in Conjurations
  9399 | D:10     | Reached skill level 2 in Shapeshifting
  9400 | D:10     | HP: 4/81 [warg (16)]
  9401 | D:10     | Mangled by a warg

Vanquished Creatures
  Jeremiah (D:7)
  A yak (D:9)
  A steam dragon (D:8)
  Menkaure (D:7)
  A warg (D:10)
  A water moccasin (Sewer)
  4 sky beasts
  3 orc warriors
  3 black bears
  An ogre (D:7)
  2 centaurs
  2 phantoms
  A gnoll sergeant (D:9)
  2 bullfrogs
  2 scorpions
  6 water moccasin zombies (Ossuary)
  4 wights (D:9)
  3 killer bees (D:8)
  A howler monkey (D:5)
  The ghost of Cadnt the Gusty, a weakling TeAE (D:3)
  3 jellies
  6 orc priests
  2 gnoll boudas
  4 hounds
  4 iguanas
  9 orc wizards
  2 mummies (Ossuary)
  11 gnolls
  10 adders
  A shadow imp (D:6)
  A white imp (D:7)
  2 ufetubi (D:5)
  7 adder zombies (Ossuary)
  2 worms
  3 dart slugs
  31 orcs
  8 ball pythons
  7 endoplasms
  4 giant cockroaches
  5 gnoll zombies (Ossuary)
  5 goblins
  7 hobgoblins
  9 jackals
  9 kobolds
  4 quokkas
  2 bats
  4 hobgoblin zombies (Ossuary)
  6 kobold zombies (Ossuary)
  4 orc zombies
  11 rats
224 creatures vanquished.

Vanquished Creatures (collateral kills)
  A boulder (D:8)
1 creature vanquished.

Vanquished Creatures (others)
  An orc wizard (D:9)
  251 foxfires
252 creatures vanquished.

Grand Total: 477 creatures vanquished

Table legend: (Time is in decaauts)
 A = Elapsed time spent in this place.
 B = Non-inter-level travel time spent in this place.
 C = Inter-level travel time spent in this place.
 D = Time resting spent in this place.
 E = Time spent auto-exploring this place.
 F = Levels seen in this place.
 G = Mean time per level.
                   A        B        C        D        E       F      G
               +--------+--------+--------+--------+--------+-----+--------+
         Total |   9361 |   8875 |    486 |    312 |   6731 |  13 |  720.1 |
       Dungeon |   8935 |   8469 |    466 |    312 |   6530 |  10 |  893.5 |
        Temple |     22 |      2 |     20 |      0 |      0 |   1 |   22.0 |
         Sewer |    178 |    178 |      0 |      0 |    131 |   1 |  178.0 |
       Ossuary |    225 |    225 |      0 |      0 |     70 |   1 |  225.0 |
               +--------+--------+--------+--------+--------+-----+--------+

Top non-repeatable levels by time:
     D:9: 1494 daAuts
     D:4: 1431 daAuts
     D:3: 974 daAuts
     D:7: 949 daAuts
     D:8: 913 daAuts
     D:2: 877 daAuts
     D:5: 867 daAuts
     D:1: 703 daAuts
     D:6: 649 daAuts
 Ossuary: 225 daAuts
   Sewer: 178 daAuts
    D:10: 74 daAuts
  Temple: 22 daAuts

Table legend:
 A = Non-vault XP
 B = Vault XP
 C = Vault XP percentage of total XP
 D = Non-vault monster count
 E = Vault monster count
 F = Vault count percentage of total count
                 A         B        C        D         E       F
            +---------+---------+-------+---------+---------+-------
      Total |    4776 |    1547 |  24.5 |     168 |      56 |  25.0
            +---------+---------+-------+---------+---------+-------
        D:1 |      21 |       0 |   0.0 |      12 |       0 |   0.0
        D:2 |     121 |       0 |   0.0 |      27 |       0 |   0.0
        D:3 |      94 |      52 |  35.6 |      18 |       5 |  21.7
        D:4 |     442 |      66 |  13.0 |      24 |       9 |  27.3
        D:5 |     815 |       1 |   0.1 |      23 |       1 |   4.2
        D:6 |     227 |       0 |   0.0 |       6 |       0 |   0.0
        D:7 |     915 |     560 |  38.0 |      17 |       2 |  10.5
        D:8 |     723 |       0 |   0.0 |       8 |       0 |   0.0
        D:9 |    1299 |       0 |   0.0 |      28 |       0 |   0.0
       D:10 |     119 |     161 |  57.5 |       5 |       1 |  16.7
      Sewer |       0 |     148 | 100.0 |       0 |       5 | 100.0
    Ossuary |       0 |     559 | 100.0 |       0 |      33 | 100.0
            +---------+---------+-------+---------+---------+-------
